 Dungeon Crawl Stone Soup version 0.32-a0-20-ge526923d97 (webtiles) character file.

Game seed: 13671401978949749740

7275 gelatine the Chopper (level 10, 0/76 HPs)
             Began as a Demonspawn Fighter on Jan 18, 2024.
             Slain by a bullfrog (4 damage)
             ... on level 10 of the Dungeon.
             The game lasted 00:33:06 (10769 turns).

gelatine the Chopper (Demonspawn Fighter)          Turns: 10769, Time: 00:33:07

Health: 0/76       AC: 18    Str: 20    XL:     10   Next: 89%
Magic:  14/14      EV: 11    Int:  9    God:
Gold:   1411       SH:  5    Dex: 13    Spells: 11/15 levels left

rFire   . . .        L - +4 war axe
rCold   . . .        c - +0 buckler
rNeg    . . .        F - +4 scale mail
rPois   +            (helmet restricted)
rElec   .            J - scarf {repulsion}
rCorr   .            k - +2 pair of gloves
SInv    +            (no boots)
Will    .....        (no amulet) Stlth
                     p - ring of see invisible
HPRegen 0.32/turn    B - ring of poison resistance
MPRegen 0.14/turn

%: repel missiles
@: no status effects
A: antennae 1, icy blue scales 2, inability to read after injury 1
a: no special abilities


You were on level 10 of the Dungeon.
You visited 2 branches of the dungeon, and saw 11 of its levels.
You also visited: Bailey.

You collected 1411 gold pieces.

Inventory:

Hand Weapons
 h - a +0 broad axe
 t - a +2 hand axe of flaming
 L - a +4 war axe (weapon)
Missiles
 u - 29 boomerangs (quivered)
 v - 4 atropa-tipped darts
 x - 6 curare-tipped darts
Armour
 b - a +2 ring mail of poison resistance
 c - a +0 buckler (worn)
 k - a +2 pair of gloves (worn)
 r - the +1 ring mail of True Grit {*Slow rC+ Will+ Int+2}
   (You found it on level 4 of the Dungeon)

   Int+2:     It affects your intelligence (+2).
   rC+:       It protects you from cold.
   Will+:     It increases your willpower.
   *Slow:     It may slow you when you take damage.
 y - a +2 plate armour of cold resistance
 C - the +3 leather armour "Icamich" {Harm Str+5}
   (You found it on level 7 of the Dungeon)

   Str+5:     It affects your strength (+5).
   Harm:      It increases damage dealt and taken.
 F - a +4 scale mail (worn)
 I - a +3 leather armour
 J - a scarf of repulsion (worn)
Jewellery
 p - a ring of see invisible (left hand)
 z - a ring of protection from cold
 B - a ring of poison resistance (right hand)
 E - a ring of positive energy
 H - a +6 ring of strength
Wands
 n - a wand of digging (14)
 o - a wand of charming (25)
 D - a wand of flame (17)
Scrolls
 a - a scroll of immolation {unknown}
 i - 2 scrolls of noise
 l - a scroll of vulnerability {unknown}
 m - a scroll of brand weapon {unknown}
 s - a scroll of enchant weapon {unknown}
 A - a scroll of poison {unknown}
 M - a scroll of torment {unknown}
Potions
 d - a potion of might
 g - a potion of ambrosia
 j - 2 potions of curing
 q - 6 potions of enlightenment
 w - a potion of magic
 G - a potion of invisibility {unknown}
 K - a potion of cancellation {unknown}
 N - a potion of mutation {unknown}


   Skills:
 * Level 6.1 Fighting
 * Level 7.1(7.6) Axes
 + Level 4.1(6.1) Maces & Flails
 * Level 4.6 Throwing
 * Level 6.9 Armour
 * Level 4.6 Dodging
 + Level 0.8 Stealth
 * Level 4.8 Shields
 * Level 3.2 Spellcasting
 * Level 2.8 Translocations
 * Level 4.6 Evocations


You had 11 spell levels left.
You knew the following spells:

 Your Spells              Type           Power      Damage    Failure   Level
a - Manifold Assault      Tloc           6%         N/A       96%         4

Your spell library contained the following spells:

 Spells                   Type           Power      Damage    Failure   Level
 Gell's Gravitas          Tloc           6%         N/A       65%         3
 Teleport Other           Tloc           6%         N/A       65%         3
 Necrotise                Necr           4%         1d4       67%         1
 Sting                    Conj/Alch      4%         1d3       67%         1
 Mercury Vapours          Alch/Air       2%         N/A       82%         2
 Volatile Blastmotes      Fire/Tloc      8%         2d10      85%         3
 Dazzling Flash           Conj/Hex       2%         N/A       96%         3
 Mephitic Cloud           Conj/Alch/Air  1%         N/A       96%         3
 Vampiric Draining        Necr           1%         2d6       96%         3
 Iskenderun's Mystic Bla  Conj/Tloc      4%         2d3       99%         4
 Fulminant Prism          Conj/Alch      0%         3d5       100%        4
 Ignite Poison            Fire/Alch      1%         N/A       100%        4
 Martyr's Knell           Necr/Summ      1%         N/A       100%        4
 Olgreb's Toxic Radiance  Alch           1%         N/A       100%        4
 Sticky Flame             Fire/Alch      1%         2d4       100%        4
 Curse of Agony           Necr           1%         N/A       100%        5
 Silence                  Hex/Air        0%         N/A       100%        5
 Dispersal                Tloc           3%         N/A       100%        6
 Disjunction              Tloc           3%         N/A       100%        8
 Ignition                 Fire           0%         3d3       100%        8


Dungeon Overview and Level Annotations

Branches:
Dungeon (10/15)            Temple (1/1) D:4          Bailey (visited)
   Lair: D:8-11         Orc: D:9-12

Altars:
Ashenzari
Cheibriados
Dithmenos
Fedhas
Gozag
Hepliaklqana
Kikubaaqudgha
Makhleb
Nemelex Xobeh
Okawaru
Qazlal
Ru
Sif Muna
Trog
Uskayaw
Vehumet
Wu Jian
Xom
Yredelemnul


Innate Abilities, Weirdness & Mutations

You have a pair of small antennae on your head.
You are mostly covered in icy blue scales. (AC +3)
You occasionally lose the ability to read scrolls when taking damage.


Message History

* * * LOW HITPOINT WARNING * * *
The scorpion misses you.
Unknown command.
You feel better.
The vampire hits you but does no damage.
The vampire bites you but does no damage.
The komodo dragon misses you.
The scorpion stings you but does no damage.
You feel better.
The bullfrog releases a deep croak.
The scorpion stings you.
* * * LOW HITPOINT WARNING * * *
The vampire casts a spell at you.
You are confused.
The komodo dragon bites you!
* * * LOW HITPOINT WARNING * * *
You feel better.
The bullfrog seems to regain its courage.
The scorpion misses you.
The vampire hits you but does no damage.
The vampire bites you but does no damage.
The komodo dragon closely misses you. The vampire closely misses you.
The vampire bites you!
* * * LOW HITPOINT WARNING * * *
The vampire draws strength from your injuries!
The vampire attacks as it pursues you!
The vampire hits you but does no damage.
The vampire completely misses you.
An orc comes into view. It is wielding a +0 mace.
The orc shouts!
The bullfrog attacks as it pursues you! The bullfrog barely misses you.
An orc wizard comes into view. It is wielding a +0 dagger.
The vampire attacks as it pursues you! You block the vampire's attack.
The vampire barely misses you.
The bullfrog hits you but does no damage.
The bullfrog attacks as it pursues you! The bullfrog completely misses you.
The vampire casts a spell.
The vampire flickers and vanishes for a moment.
The bullfrog attacks as it pursues you! The bullfrog hits you.
You die...

#....#####+#.....P..
#...........###P.P.P
#...............P...
#................P..
#................PP.
##..VWs..........PP.
#...l###.........P.
##.F..# #.....##...
#..@..# #.....# ...
#.##### ..[... #..
..... #.


o You could see a komodo dragon, a vampire (invisible), a wraith, a bullfrog and
a scorpion.

Vanquished Creatures
  Erica (D:8)
  2 two-headed ogres
  A kobold demonologist (D:9)
  5 yaks
  2 wyverns
  3 ice beasts
  10 orc warriors
  A black bear (D:5)
  2 ogres (D:5)
  A centaur (D:9)
  5 bullfrogs
  2 kobold brigands (D:9)
  4 scorpions
  11 wights
  2 howler monkeys (D:9)
  4 hounds
  A gnoll bouda (D:7)
  5 orc priests
  3 sleepcaps
  Ijyb (D:3)
  6 iguanas
  13 orc wizards
  9 gnolls
  4 adders
  A shadow imp (D:8)
  4 ufetubi
  4 dart slugs
  2 ribbon worms
  30 orcs
  9 ball pythons
  12 endoplasms
  2 giant cockroaches (D:1)
  12 goblins
  11 hobgoblins
  11 jackals
  25 kobolds
  6 quokkas
  5 bats
  2 frilled lizards (D:2)
  6 rats
240 creatures vanquished.

Vanquished Creatures (collateral kills)
  A yak (D:8)
  An orc priest (D:8)
  2 orcs (D:8)
4 creatures vanquished.

Vanquished Creatures (others)
  A yak (D:8)
  2 orc wizards
  A kobold (D:4)
4 creatures vanquished.

Grand Total: 248 creatures vanquished

Notes
Turn   | Place    | Note
-------+----------+-------------------------------------------
     0 | D:1      | gelatine the Demonspawn Fighter began the quest for the
                  | Orb.
     0 | D:1      | Reached XP level 1. HP: 18/18 MP: 1/1
   185 | D:1      | Gained mutation: You are partially covered in icy blue
                  | scales. (AC +2) [demonic ancestry]
   185 | D:1      | Reached XP level 2. HP: 24/24 MP: 2/2
   202 | D:1      | Reached skill level 2 in Axes
   507 | D:1      | Reached XP level 3. HP: 29/29 MP: 3/3
   936 | D:2      | Reached XP level 4. HP: 35/35 MP: 4/4
  1049 | D:2      | Identified the +4 whip of a Gauntlet {freeze, ^Contam rPois
                  | Str+3 Dex+3}
  1168 | D:3      | Reached skill level 1 in Dodging
  1378 | D:3      | Noticed Ijyb
  1421 | D:3      | Killed Ijyb
  1422 | D:3      | Reached skill level 3 in Axes
  1569 | D:3      | Found a snail-covered altar of Cheibriados.
  1990 | D:4      | Reached XP level 5. HP: 41/41 MP: 5/5
  2070 | D:4      | Reached skill level 1 in Maces & Flails
  2086 | D:4      | Identified the +1 ring mail of True Grit {*Slow rC+ Will+
                  | Int+2}
  2201 | D:4      | Found an ancient bone altar of Kikubaaqudgha.
  2204 | D:4      | Reached XP level 6. HP: 48/48 MP: 6/6
  2399 | D:4      | Found a staircase to the Ecumenical Temple.
  2406 | Temple   | Entered the Ecumenical Temple
  3091 | D:5      | Entered Level 5 of the Dungeon
  3092 | D:5      | Noticed an ice beast
  3113 | D:5      | Killed an ice beast
  3175 | D:5      | Reached XP level 7. HP: 48/54 MP: 7/7
  3476 | D:5      | Reached skill level 1 in Throwing
  4247 | D:5      | Reached skill level 1 in Evocations
  4251 | D:5      | Reached XP level 8. HP: 17/61 MP: 8/8
  4822 | D:4      | Gained mutation: You occasionally lose the ability to read
                  | scrolls when taking damage. [mutagenic glow]
  4953 | D:6      | Reached skill level 5 in Armour
  5743 | D:7      | Learned a level 4 spell: Manifold Assault
  5782 | D:7      | Reached skill level 4 in Axes
  6412 | D:7      | Gained mutation: You have a pair of small antennae on your
                  | head. [demonic ancestry]
  6412 | D:7      | Reached XP level 9. HP: 56/67 MP: 9/9
  6652 | D:7      | Reached skill level 1 in Translocations
  6659 | D:7      | Reached skill level 5 in Fighting
  6659 | D:7      | Reached skill level 1 in Spellcasting
  7122 | D:7      | Identified the +3 leather armour "Icamich" {Harm Str+5}
  7427 | D:7      | Found an iron altar of Okawaru.
  7579 | D:8      | Noticed a two-headed ogre
  7588 | D:8      | Killed a two-headed ogre
  7589 | D:8      | Reached skill level 5 in Axes
  7835 | D:8      | Found an ornate altar of the Wu Jian Council.
  7864 | D:8      | Found a flagged portal.
  7898 | Bailey   | Entered a bailey
  8651 | D:8      | Found a hazy altar of Hepliaklqana.
  8670 | D:8      | Gained mutation: You are mostly covered in icy blue scales.
                  | (AC +3) [demonic ancestry]
  8670 | D:8      | Reached XP level 10. HP: 74/74 MP: 12/12
  8710 | D:8      | Found a bloodstained altar of Trog.
  9200 | D:8      | Noticed Erica
  9227 | D:8      | Killed Erica
  9228 | D:8      | Reached skill level 6 in Axes
 10039 | D:9      | Noticed an orange demon
 10592 | D:9      | Noticed a two-headed ogre
 10607 | D:9      | Killed a two-headed ogre
 10608 | D:9      | Reached skill level 7 in Axes
 10737 | D:10     | Entered Level 10 of the Dungeon
 10759 | D:10     | HP: 1/76 [komodo dragon (8)]
 10769 | D:10     | Slain by a bullfrog

Illustrated notes

Levels and vault maps discovered:
D:1:      scummos_arrival_simple_crosswalls, layout_rooms, minmay_misc_feat_tiny
D:2:      layout_basic
D:3:      layout_basic, mainiacjoe_overflow_brackets, uniq_ijyb
D:4:      layout_cave_pods, lemuel_crystal_altar, temple_doors_e,
          hangedman_decor_push, nicolae_concentric_dashed_squares_mild,
          minmay_close_crescents
D:5:      layout_cave_pools
D:6:      layout_cave_pools
D:7:      layout_gridville, lemuel_doored_altar, minmay_fractal_squares_5
D:8:      layout_basic, mainiacjoe_overflow_cross_hatched,
          amcnicky_altar_gilded, mainiacjoe_overflow_catwalk, enter_bailey_5,
          grunt_ministairs_11, nicolae_titane, uniq_erica
D:9:      layout_roguey
D:10:     minmay_the_grid_net [minmay_the_grid_outer_circle,
          minmay_the_grid_aliased_spiral, minmay_the_grid_minigrid_small,
          minmay_the_grid_pillar_ring, minmay_the_grid_rooms,
          minmay_the_grid_prize_big_room], layout_basic,
          nicolae_overflow_hidden_temple, grunt_lair_entry_orc_guard_hut,
          serial_shops, shop, gammafunk_ghost_split
Temple:   regret_index_temple_generic_petals

Skill      XL: |  1  2  3  4  5  6  7  8  9 10 |
---------------+-------------------------------+-----
Axes           | 2 3 4 5 7 |  7.1
Armour         | 3 4 5 6 |  6.9
Shields        | 3 4 |  4.8
Dodging        | 1 2 3 4 |  4.6
Maces & Flails | 1 3 4 |  4.1
Fighting       | 4 5 6 |  6.1
Throwing       | 1 2 4 |  4.6
Evocations     | 1 2 3 4 |  4.6
Translocations | 1 2 |  2.8
Spellcasting   | 1 3 |  3.2
Stealth        | |  0.8

Action                     |  1- 3 |  4- 6 |  7- 9 | 10-12 || total
---------------------------+-------+-------+-------+-------++-------
  Melee: War axe           |   130 |       |       |    38 ||   168
         Whip              |       |   184 |    79 |       ||   263
         Hand axe          |       |       |   384 |   192 ||   576
  Throw: Boomerang         |       |     7 |    99 |    27 ||   133
         Dart              |       |       |     4 |       ||     4
  Evoke: Wand              |       |       |     9 |     3 ||    12
    Use: Scroll            |       |     4 |     5 |     2 ||    11
         Potion            |       |     1 |     4 |     8 ||    13
 Armour: Scale mail        |   131 |   112 |    50 |    55 ||   348
         Plate armour      |       |       |   426 |   130 ||   556
  Dodge: Dodged            |    66 |    72 |   201 |    72 ||   411
  Block: Buckler           |    39 |    36 |   128 |    49 ||   252

Table legend: (Time is in decaauts)
 A = Elapsed time spent in this place.
 B = Non-inter-level travel time spent in this place.
 C = Inter-level travel time spent in this place.
 D = Time resting spent in this place.
 E = Time spent auto-exploring this place.
 F = Levels seen in this place.
 G = Mean time per level.
                   A        B        C        D        E       F      G
               +--------+--------+--------+--------+--------+-----+--------+
         Total |  10868 |  10299 |    569 |     97 |   7661 |  12 |  905.7 |
       Dungeon |  10104 |   9535 |    569 |     97 |   7248 |  10 | 1010.4 |
        Temple |      1 |      1 |      0 |      0 |      0 |   1 |    1.0 |
        Bailey |    762 |    762 |      0 |      0 |    412 |   1 |  762.0 |
               +--------+--------+--------+--------+--------+-----+--------+

Top non-repeatable levels by time:
     D:7: 1655 daAuts
     D:8: 1509 daAuts
     D:4: 1460 daAuts
     D:5: 1220 daAuts
     D:6: 1089 daAuts
     D:9: 919 daAuts
     D:3: 891 daAuts
     D:1: 784 daAuts
  Bailey: 762 daAuts
     D:2: 539 daAuts
    D:10: 33 daAuts
  Temple: 1 daAuts
